 Dungeon Crawl Stone Soup version 0.29.1-14-g9c671dbff4 (webtiles) character file.

Game seed: 15399801850333506564

440 Mickster the Chopper (level 6, 0/48 HPs)
             Began as a Demigod Wanderer on Feb 21, 2023.
             Slain by Pikel
             ... wielding a +0 whip of electrocution
              (9 damage)
             ... on level 5 of the Dungeon.
             The game lasted 00:38:44 (3939 turns).

Mickster the Chopper (Demigod Wanderer)             Turns: 3939, Time: 00:38:48

Health: 0/48       AC: 11    Str: 21    XL:     6   Next: 42%
Magic:  10/10      EV: 12    Int: 14    God:
Gold:   96         SH:  0    Dex: 11    Spells: 5/7 levels left

rFire   . . .      SeeInvis .   l - +2 lajatang (distort)
rCold   + . .      Faith    .   (shield currently unavailable)
rNeg    . . .      Spirit   .   v - +3 chain mail {rC+}
rPois   .          Reflect  .   (no helmet)
rElec   .          Harm     .   (no cloak)
rCorr   .          Rampage  .   (no gloves)
Will    .....                   (no boots)
Stlth   ..........              (no amulet)
HPRegen 0.00/turn               k - +4 ring of evasion
MPRegen 0.12/turn               o - ring of flight

@: flying, inhibited regen
A: high MP 1, forlorn, divine attributes, inhibited regeneration, weak 1
a: no special abilities


You were on level 5 of the Dungeon.
You visited 1 branch of the dungeon, and saw 5 of its levels.

You collected 283 gold pieces.
You spent 187 gold pieces at shops.

Inventory:

Hand Weapons
 a - a +2 hand axe
 f - a +2 dagger of protection
 l - a +2 lajatang of distortion (weapon)
 q - a +0 sling
 s - a +0 shortbow
 x - a +2 mace of venom
Missiles
 j - 12 stones
 r - a throwing net
 t - 6 poisoned darts
Armour
 b - a +0 scale mail
 d - a +0 tower shield
 e - a +0 ring mail
 n - a +0 chain mail
 v - a +3 chain mail of cold resistance (worn)
Jewellery
 k - a +4 ring of evasion (left hand)
 o - a ring of flight (right hand)
Scrolls
 c - 3 scrolls of blinking
 g - 3 scrolls of identify
 p - 2 scrolls of fog
 u - a scroll of enchant weapon {unknown}
 w - a scroll of enchant armour {unknown}
Potions
 h - a potion of cancellation
 i - 3 potions of curing
 m - 3 potions of might


   Skills:
 + Level 1.9 Fighting
 + Level 0.4 Short Blades
 - Level 5.1 Axes
 * Level 4.4 Staves
 + Level 2.3 Armour
 + Level 1.3 Dodging
 + Level 0.5 Shields
 + Level 1.0 Spellcasting
 + Level 1.7 Poison Magic


You had 5 spell levels left.
You knew the following spells:

 Your Spells              Type           Power      Damage    Failure   Level
a - Sting                 Tmut/Pois      12%        1d3       88%         1
b - Apportation           Tloc           0%         N/A       95%         1

Your spell library contained the following spells:

 Spells                   Type           Power      Damage    Failure   Level
 Shock                    Conj/Air       0%         1d3       95%         1
 Mephitic Cloud           Conj/Pois/Air  2%         N/A       99%         3
 Gell's Gravitas          Tloc           0%         N/A       100%        3
 Lesser Beckoning         Tloc           0%         N/A       100%        3
 Swiftness                Air            0%         N/A       100%        3
 Teleport Other           Tloc           0%         N/A       100%        3
 Airstrike                Air            0%         2d(0-16)  100%        4
 Petrify                  Tmut/Erth      0%         N/A       100%        4
 Alistair's Intoxication  Tmut/Pois      2%         N/A       100%        5
 Iskenderun's Battlesphe  Conj           0%         2d6       100%        5
 Metabolic Englaciation   Hex/Ice        0%         N/A       100%        5
 Iron Shot                Conj/Erth      0%         9d1       100%        6
 Statue Form              Tmut/Erth      0%         N/A       100%        6
 Spellforged Servitor     Conj/Summ      0%         N/A       100%        7


Dungeon Overview and Level Annotations

Branches:
Dungeon (5/15)             Temple (0/1) D:4

Shops:
D:4 [

Annotations:
D:5 Pikel


Innate Abilities, Weirdness & Mutations

You have an increased reservoir of magic. (+10% MP)
You shall have no god before yourself.
Your divine heritage dramatically boosts your attributes as you level up.
You do not regenerate when monsters are visible.
You are weak. (Str -2)


Message History

You fly downwards.
Found 12 gold pieces.
Found a stone staircase leading up.
There is a stone staircase leading up here.
You now have 96 gold pieces (gained 12).
A white imp comes into view.
The white imp shouts, "Escape, thou foisting rude-growing ratsbane!"
You hear a shout!
The white imp shouts, "Leave, thou euchred sow-suckled death-token!"
A lemure comes into view.
A lemure comes into view.
The lemure shouts!
Pikel, Merchant of Souls comes into view.
He is wielding a +0 whip of electrocution.
Pikel shouts!
You hear a shout!
The white imp gestures at you. The puff of frost hits you. You resist.
A lemure comes into view.
Found a stone staircase leading down.
The lemure shouts!
The white imp gestures at you. The puff of frost hits you. You resist.
A lemure comes into view.
The white imp gestures at you. The puff of frost hits you. You resist.
The white imp hits you but does no damage.
You slash the white imp!
The white imp is severely wounded.
The white imp blinks!
The white imp gestures at you. The puff of frost hits you. You resist.
The lemure barely misses you. The lemure barely misses you.
The lemure hits you.
You closely miss the lemure. Pikel hits you but does no damage.
You are electrocuted!
The lemure hits you.
* * * LOW HITPOINT WARNING * * *
You closely miss the lemure. The white imp gestures at you.
The puff of frost hits you. You resist.
* * * LOW HITPOINT WARNING * * *
The lemure hits you but does no damage.
Pikel hits you with a +0 whip of electrocution!
You die...

..≈≈. ..#......
.≈≈......#..>...
..... ......... ...
##........ #.#
#.........
######.###5........
#.........55K......
+.........5@.......
#.........5########
#..............
#..<........###
#......<.......
###########.### ...
.###


You could see Pikel, 4 lemures and a white imp.

Vanquished Creatures
  Sigmund (D:3)
  An ogre (D:4)
  A scorpion (D:4)
  3 adders
  4 worms
  A dart slug (D:4)
  14 orcs (D:4)
  9 endoplasms
  A giant cockroach (D:3)
  6 goblins
  3 hobgoblins
  3 jackals (D:2)
  4 quokkas
  7 ball pythons
  9 bats
  4 frilled lizards
  2 kobolds
  8 rats
81 creatures vanquished.

Notes
Turn   | Place    | Note
-------+----------+-------------------------------------------
     0 | D:1      | Mickster the Demigod Wanderer began the quest for the Orb.
     0 | D:1      | Mickster set off with the following items: a +2 hand axe, a
                  | +0 scale mail, a scroll of blinking; and the following
                  | spell memorised: Sting; and the following spells available
                  | to memorise: Mephitic Cloud.
     0 | D:1      | Reached XP level 1. HP: 16/16 MP: 4/4
   393 | D:1      | Reached XP level 2. HP: 14/23 MP: 5/5
   446 | D:1      | Reached skill level 5 in Axes
  1316 | D:2      | Reached XP level 3. HP: 24/28 MP: 6/6
  1393 | D:2      | Gained mutation: You are weak. (Str -2) [mutagenic glow]
  1412 | D:2      | Gained mutation: You do not regenerate when monsters are
                  | visible. [mutagenic glow]
  1442 | D:2      | Reached skill level 1 in Staves
  1484 | D:2      | Learned a level 1 spell: Apportation
  2198 | D:3      | Noticed Sigmund
  2212 | D:3      | Killed Sigmund
  2213 | D:3      | Reached skill level 1 in Dodging
  2213 | D:3      | Reached XP level 4. HP: 18/35 MP: 8/8
  2213 | D:3      | Reached XP level 5. HP: 20/40 MP: 9/9
  2919 | D:4      | Reached XP level 6. HP: 23/48 MP: 10/10
  3372 | D:4      | Found a staircase to the Ecumenical Temple.
  3384 | D:4      | Found Uriav's Antique Armour Shop.
  3393 | D:4      | Bought a shiny chain mail for 187 gold pieces
  3924 | D:5      | Entered Level 5 of the Dungeon
  3931 | D:5      | Noticed Pikel
  3939 | D:5      | Slain by Pikel

Illustrated notes

Levels and vault maps discovered:
D:1:      dpeg_arrival_arbitrary_b, layout_rooms,
          hellmonk_ecumenical_altar_crossroads, minmay_misc_feat_more_columns,
          serial_park_tiny_2
D:2:      layout_rooms
D:3:      layout_basic, amcnicky_altar_gilded, gammafunk_temple_overflow_statue,
          chequers_mini_garden, dk_noncrumbling_2,
          chequers_serial_rivers_micro_b, kennysheep_cross_bottleneck,
          uniq_sigmund
D:4:      layout_rooms, nicolae_overflow_hidden_temple, temple_fountains,
          serial_shops, shop, amcnicky_mini_rare_corridor_liquid,
          reono_crystal_passage, chequers_serial_rivers_small_b
D:5:      layout_basic, mainiacjoe_overflow_boulevard,
          nicolae_wu_jian_wuxing_cycle, zin_treasury, lemuel_round_altar,
          supply_closet_lemuel, serial_park_tiny_2, minmay_misc_feat_columns,
          uniq_crazy_yiuf_cottage, uniq_pikel, uniq_ijyb

Skill      XL: |  1  2  3  4  5  6 |
---------------+-------------------+-----
Axes           | 5 |  5.1
Staves         | 3 4 |  4.4
Armour         | 2 |  2.3
Dodging        | 1 |  1.3
Fighting       | |  1.9
Short Blades   | |  0.4
Shields        | |  0.5
Spellcasting   | |  1.0
Poison Magic   | |  1.7

Action                   |  1- 3 |  4- 6 || total
-------------------------+-------+-------++-------
Melee: Hand axe          |    56 |       ||    56
       Lajatang          |    41 |    68 ||   109
       Dagger            |    35 |       ||    35
       Punch             |     1 |       ||     1
  Use: Potion            |     6 |     2 ||     8
       Scroll            |     6 |       ||     6
Armor: Scale mail        |    51 |       ||    51
       Chain mail        |    15 |    36 ||    51
Dodge: Dodged            |   103 |    49 ||   152
Block: Tower shield      |    30 |       ||    30
